[Event "Early-Titled-Tuesday-Blitz-November-28-2023"]
[Site "Chess.com"]
[Date "2023.11.28"]
[Round "7"]
[White "Arvids_Andrejevs"]
[Black "C_K_G"]
[Result "1/2-1/2"]
[WhiteElo "2357"]
[BlackElo "2177"]
[TimeControl "180+1"]
[EndTime "9:26:20 PST"]
[Termination "Game drawn by repetition"]

1. d4 d5 2. Bf4 e6 3. e3 Nf6 4. Nd2 Bd6 5. Ngf3 c5 6. c3 Nc6 7. Bd3 c4 8. Bc2 O-O 9. Ne5 Qc7 10. Ndf3 b5 11. Bg3 a5 12. Nxc6 Qxc6 13. Bxd6 Qxd6 14. Ne5 b4 15. g4 Bb7 16. g5 Nd7 17. f4 Nxe5 18. fxe5 Qe7 19. h4 bxc3 20. bxc3 Bc6 21. Qh5 g6 22. Qh6 Rfb8 23. h5 Qf8 24. hxg6 Qxh6 25.
gxf7+ Kxf7 26. Rxh6 Rh8 27. O-O-O Rag8 28. Rf1+ Ke7 29. g6 hxg6 30. Rxg6 Rxg6 31. Bxg6 Rh2 32. Rf7+ Kd8 33. Ra7 Rxa2 34. Kb1 Rg2 35. Bc2 Re2 36.
Rxa5 Rxe3 37. Kb2 Re2 38. Ra7 Bd7 39. Kc1 Rh2 40. Ba4 Bxa4 41. Rxa4 Ke7 42. Ra7+ Kf8 43. Rc7 Rg2 44. Kb1 Rh2 45. Rc6 Kf7 46. Rc7+ Kg6 47. Re7 Kf5 48. Rf7+ Ke4 49. Rf6 Kd3 50. Rf3+ Ke4 51.
Rg3 Rf2 52. Kc1 Rf3 53. Rg4+ Kd3 54. Rg6 Kxc3 55. Kd1 Kxd4 56. Rxe6 Re3 57. Rh6 Rxe5 58. Rh4+ Re4 59. Rh8 Re3 60. Kd2 Rd3+ 61. Kc2 Rg3 62. Rh4+ Kc5 63. Rh5 Rg2+ 64. Kc3 Rg3+ 65. Kc2 Kd4 66.
Rh4+ Kc5 67. Rh5 1/2-1/2

[Event "Early-Titled-Tuesday-Blitz-November-28-2023"]
[Site "Chess.com"]
[Date "2023.11.28"]
[Round "7"]
[White "Elbebiber"]
[Black "Me_ch_an"]
[Result "1/2-1/2"]
[WhiteElo "2115"]
[BlackElo "2314"]
[TimeControl "180+1"]
[EndTime "9:26:23 PST"]
[Termination "Game drawn by repetition"]

1. d4 d5 2. Bg5 h6 3. Bh4 c5 4. dxc5 Nc6 5. e4 dxe4 6. Qxd8+ Nxd8 7. Bb5+ Bd7 8. Bxd7+ Kxd7 9. Nc3 f5 10. f3 g5 11. Bf2 Bg7 12. O-O-O+ Kc6 13. Nd5 e6 14. Nb4+ Kc7 15. fxe4 fxe4 16. Bg3+ Kc8 17. c3 Nf6 18. Ne2 a5 19. Nc2 Nd5 20. Bd6 Nf7 21. Ncd4 Nxd6 22.
cxd6 Kd7 23. Ng3 Bxd4 24. Rxd4 Kxd6 25. Nxe4+ Kc6 26. Re1 Rad8 27. Kc2 Rhe8 28. Rd3 Nf4 29. Rxd8 Rxd8 30. g3 Nd5 31. Re2 Rf8 32. a3 b5 33. Nd2 Kd6 34. Nb3 b4 35. axb4 axb4 36.
Nd4 bxc3 37. bxc3 e5 38. Nb5+ Ke6 39. c4 Nb6 40. Kb3 Rc8 41. Rc2 e4 42. Kb4 Ke5 43. Rd2 e3 44. Re2 Rxc4+ 45. Kb3 Re4 46. Nc3 Rd4 47.
Rxe3+ Kf6 48. Rf3+ Kg6 49. Re3 Nd5 50. Re6+ Kg7 51.
Nxd5 Rxd5 52. Rc6 Rd2 53. Rc2 Rxc2 54. Kxc2 g4 55. Kd2 Kg6 56. Ke3 Kg5 57. Ke4 h5 58. Ke5 Kg6 59. Kf4 Kf6 60. Ke4 Ke6 61. Kf4 Kf6 62. Ke4 Ke6 63. Kf4 Kf6 1/2-1/2

[Event "Early-Titled-Tuesday-Blitz-November-28-2023"]
[Site "Chess.com"]
[Date "2023.11.28"]
[Round "7"]
[White "Flawless_Fighter"]
[Black "Vesper2018"]
[Result "1-0"]
[WhiteElo "2806"]
[BlackElo "2612"]
[TimeControl "180+1"]
[EndTime "9:26:25 PST"]
[Termination "Flawless_Fighter won on time"]

1. e4 c5 2. Nf3 d6 3. Bb5+ Bd7 4. Bxd7+ Qxd7 5. O-O Nf6 6. Re1 Nc6 7. c3 e6 8. d4 cxd4 9. cxd4 d5 10. e5 Ne4 11.
a3 Be7 12. Nbd2 Nxd2 13. Bxd2 O-O 14. Re3 f6 15. exf6 Rxf6 16. Bc3 Bd6 17. Qe2 Re8 18. Re1 Bf4 19. Rd3 a5 20. a4 b6 21. h3 Bd6 22.
b3 Ref8 23. Re3 Re8 24. Qb5 Bc7 25. Bb2 Nb8 26. Qxd7 Nxd7 27. Ba3 h6 28. Rc3 Bf4 29. g3 Bb8 30. Kg2 Kf7 31. h4 e5 32. dxe5 Nxe5 33.
Nxe5+ Rxe5 34. Rxe5 Bxe5 35. Rd3 Ke6 36. f4 Bd6 37.
Bb2 Rf7 38. h5 Rc7 39. Kf3 Rb7 40. Re3+ Kf7 41. Rd3 Ke6 42. g4 Bc5 43. f5+ Kd6 44. Kf4 Re7 45. Kf3 Kc6 46. Bc1 d4 47. Bf4 Kd5 48. f6 gxf6 49. Bxh6 Re1 50. Kf2 Rh1 51. Kg2 Rh4 52. Kg3 Rh1 53. Rf3 Ke4 54. Rxf6 d3 55. Re6+ Kd5 56. Re8 Bd6+ 57. Kg2 Rh2+ 58. Kf3 d2 59. Bxd2 Rxd2 60. h6 Rh2 61. g5 Rh1 62. Kg4 Rg1+ 63. Kf5 Rf1+ 64. Kg6 Be5 65. Kh7 Rf7+ 66.
Kg8 Rc7 67. g6 Rc6 68. Kh7 Rc7+ 69. g7 Bf6 70. Kg6 1-0

[Event "Early-Titled-Tuesday-Blitz-November-28-2023"]
[Site "Chess.com"]
[Date "2023.11.28"]
[Round "7"]
[White "millenium19"]
[Black "FontVella8"]
[Result "0-1"]
[WhiteElo "2477"]
[BlackElo "2594"]
[TimeControl "180+1"]
[EndTime "9:26:25 PST"]
[Termination "FontVella8 won by checkmate"]

1. e4 c6 2. d4 d5 3. Nd2 dxe4 4. Nxe4 Nf6 5. Nxf6+ exf6 6. c3 Bd6 7. Bd3 O-O 8. Qc2 Re8+ 9. Ne2 h5 10. O-O h4 11. h3 Nd7 12. Bf4 Nf8 13. Bxd6 Qxd6 14. Rfe1 Be6 15. c4 Rad8 16. Rad1 Ng6 17. Bxg6 fxg6 18.
b3 Bf5 19. Qc3 c5 20. Qc1 g5 21. dxc5 Qxc5 22. Rxd8 Rxd8 23. Nc3 Kh7 24. Nd5 b5 25.
Ne7 bxc4 26. Nxf5 Qxf5 27. Qxc4 Rd2 28. Re2 Qb1+ 29. Kh2 Rxa2 30. Re8 Ra1 31. Qe4+ Qxe4 32. Rxe4 Ra2 33. f3 Kg6 34. Re7 Ra3 35. Rb7 a5 36.
Rb5 Ra2 37. Kg1 Kh5 38. Rb7 Kg6 39. Rb5 f5 40. Rb6+ Kf7 41. Rb7+ Kf6 42. Rb6+ Ke5 43. Rb5+ Kf4 44. b4 Kg3 45. Kf1 Ra1+ 46. Ke2 Kxg2 47.
bxa5 Kxh3 48. Rxf5 Ra2+ 49. Ke3 g4 50. fxg4 Kxg4 51.
Rf7 g5 52. a6 Rxa6 53. Rb7 Ra3+ 54. Kf2 Ra2+ 55. Kg1 Kh5 56. Rb5 Kg4 57. Rb4+ Kh5 58. Rb5 Ra4 59. Kg2 Kg4 60. Rb3 Kf4 61. Rb2 g4 62. Kg1 h3 63. Kh2 Kg5 64. Rb5+ Kh4 65.
Rb2 g3+ 66. Kg1 Ra1+ 67. Rb1 Rxb1# 0-1

[Event "Early-Titled-Tuesday-Blitz-November-28-2023"]
[Site "Chess.com"]
[Date "2023.11.28"]
[Round "7"]
[White "vasblesk"]
[Black "MatthewG-p4p"]
[Result "1/2-1/2"]
[WhiteElo "2832"]
[BlackElo "2938"]
[TimeControl "180+1"]
[EndTime "9:26:29 PST"]
[Termination "Game drawn - insufficient material"]

1. Nf3 c5 2. g3 g6 3. Bg2 Bg7 4. O-O Nc6 5. c3 e5 6. d4 cxd4 7. cxd4 e4 8. Ne5 d5 9. Nc3 Nge7 10. Nxc6 bxc6 11. b3 O-O 12. Ba3 Re8 13. Rc1 Nf5 14.
e3 h5 15. Na4 Bd7 16. Nc5 h4 17.
Qc2 Bc8 18. Rfd1 Qg5 19. Na4 Be6 20. Qe2 Rac8 21. Nc5 Bh6 22. Nxe6 Rxe6 23. Rc3 Rf6 24. Bh3 hxg3 25. hxg3 Re8 26. Qg4 Qxg4 27. Bxg4 Bf8 28. Bxf8 Kxf8 29. Rdc1 Ne7 30. Bd7 Rb8 31. Bxc6 Rd6 32.
Ba4 g5 33. Rc7 a6 34. Ra7 Re6 35. Rcc7 Rbb6 36. Ra8+ Kg7 37. Re8 Ng8 38. Rxe6 Rxe6 39. Bc6 Nf6 40. Bb7 Rb6 41. Bc8 Ne8 42. Ra7 Rc6 43. Bxa6 Rc1+ 44. Kg2 Rc2 45. Bb5 Nd6 46. Bd7 Kf6 47. Bg4 Rb2 48. Rd7 Nb5 49. Rxd5 Nc3 50. Rf5+ Kg6 51. Ra5 Nxa2 52. Bf5+ Kg7 53. Bxe4 Nc3 54.
Rxg5+ Kf6 55. Rg4 Rxb3 56. Rf4+ Kg7 57. Bf3 Rb2 58. d5 Rd2 59. Rd4 Rxd4 60. exd4 Nb5 61.
Be4 Nxd4 62. g4 Kf6 63. f4 Ne2 64. Kf3 Nc3 65. Ke3 Ke7 66. g5 Kd6 67. f5 Ke5 68. d6 Kxd6 69. Kd4 Nb5+ 70. Ke3 Ke5 71. g6 fxg6 72. fxg6 Kf6 73. Kf4 Nd6 74. Bd3 Kg7 75.
Kg5 Ne8 76. Bc2 Nf6 77. Bd3 Ng8 78. Be4 Ne7 79. Bd3 Nxg6 1/2-1/2

[Event "Early-Titled-Tuesday-Blitz-November-28-2023"]
[Site "Chess.com"]
[Date "2023.11.28"]
[Round "7"]
[White "GKARU"]
[Black "LizardMorrison"]
[Result "1/2-1/2"]
[WhiteElo "2501"]
[BlackElo "2220"]
[TimeControl "180+1"]
[EndTime "9:26:32 PST"]
[Termination "Game drawn by repetition"]

1. d4 d5 2. Nf3 Nf6 3. c4 e6 4. Bg5 Bb4+ 5. Nbd2 h6 6. Bxf6 Qxf6 7. Qa4+ Nc6 8. e3 O-O 9. a3 Bd6 10. b4 dxc4 11.
Bxc4 e5 12. Ne4 Qg6 13. Ng3 exd4 14. b5 Ne5 15. Nxd4 Nd3+ 16. Bxd3 Qxd3 17. Qc2 Qxc2 18.
Nxc2 a6 19. bxa6 Rxa6 20. Ke2 Be6 21. Rhb1 b6 22. Nb4 Ra4 23. f4 Rfa8 24. Nc2 Bc4+ 25. Kf3 Bd3 26. Rb2 Bxc2 27. Rxc2 Rxa3 28. Rxa3 Rxa3 29.
Ne4 Rd3 30. Nxd6 cxd6 31. Rc6 d5 32. Rxb6 d4 33. Rd6 Rxe3+ 34. Kf2 Re4 35. Kf3 Re3+ 36.
Kf2 Re4 37. g3 g6 38. Kf3 Re3+ 39. Kf2 Re4 40. f5 Kg7 41. f6+ Kh7 42. Rd7 Kg8 43. Rd8+ Kh7 44. Rf8 d3 45. Rxf7+ Kg8 46. Rd7 Re5 47. f7+ Kf8 48. g4 Re7 49. Rxd3 Rxf7+ 50.
Kg3 Kg7 51. h4 Ra7 52. Rb3 Rc7 53. Rb4 Rf7 54. Ra4 Re7 55. Kf4 Rf7+ 56. Ke5 Re7+ 57. Kf4 Rf7+ 58. Kg3 Re7 59. Rc4 Rf7 60. Rc6 Re7 61.
Kf4 Rf7+ 62. Ke5 Re7+ 63. Re6 Ra7 64. Rd6 Re7+ 65. Kf4 Rf7+ 66. Kg3 Re7 67. h5 gxh5 68. gxh5 Re5 69. Kh4 Re4+ 70. Kh3 Re5 71. Rg6+ Kh7 72. Kg4 Re1 73. Ra6 Rg1+ 74. Kh4 Rh1+ 75. Kg4 Rg1+ 76. Kh4 Rh1+ 77. Kg4 Rg1+ 1/2-1/2

[Event "Early-Titled-Tuesday-Blitz-November-28-2023"]
[Site "Chess.com"]
[Date "2023.11.28"]
[Round "7"]
[White "Hovik_Hayrapetyan"]
[Black "MITerryble"]
[Result "1-0"]
[WhiteElo "2806"]
[BlackElo "2953"]
[TimeControl "180+1"]
[EndTime "9:26:36 PST"]
[Termination "Hovik_Hayrapetyan won by resignation"]

1. d4 e6 2. c4 Bb4+ 3. Nc3 b6 4. e4 Bb7 5. Qc2 Bxc3+ 6. bxc3 d6 7. Bd3 Nc6 8. Nf3 e5 9. d5 Nb8 10. c5 bxc5 11.
Qa4+ Kf8 12. O-O Nd7 13. Ng5 h6 14. Nh3 g5 15. Rb1 Nb6 16. Qd1 Bc8 17. f4 exf4 18. Nxf4 gxf4 19. Bxf4 Qe7 20. Qh5 Nf6 21. Bxh6+ Ke8 22.
Qg5 Ng4 23. Qg7 Rxh6 24. Bb5+ Bd7 25. Bxd7+ Nxd7 26. Qg8+ Nf8 27. Qxg4 Qh4 28. Qf5 Qxh2+ 29. Kf2 Qe5 30. Qxe5+ dxe5 31. Kg1 f6 32. Rb7 Kd8 33. Rfb1 Nd7 34. R7b2 Rh4 35. Re2 Ke7 36. g3 Rh3 37. Kg2 Rah8 38. Rb7 Rh2+ 39. Kf3 Rxe2 40. Kxe2 Kd6 41.
Rxa7 Rh2+ 42. Kd3 Nb6 43. a4 c4+ 44. Ke3 Ra2 45. a5 Na4 46. Ra6+ Kd7 47. Rxf6 Nxc3 48. Rc6 Re2+ 49. Kf3 Rxe4 50. a6 Re1 51. Rxc4 Nb5 52. Ra4 Na7 53. g4 Kd6 54. g5 Rg1 55. Rg4 Rf1+ 56.
Ke4 Re1+ 57. Kf5 Rf1+ 58. Ke4 Rf7 59. g6 Rg7 60. Kf5 Ke7 61. Kxe5 Nb5 62. Kf5 Nd6+ 63. Kg5 Rg8 64. Ra4 Nb5 65. a7 Ra8 66. Kh6 Nxa7 67. g7 Kf7 68. Kh7 Ke7 69. Rxa7 Kd6 70. Rxa8 1-0

[Event "Early-Titled-Tuesday-Blitz-November-28-2023"]
[Site "Chess.com"]
[Date "2023.11.28"]
[Round "7"]
[White "zeitnotakrobat"]
[Black "SnekkerAndersen"]
[Result "0-1"]
[WhiteElo "2396"]
[BlackElo "2536"]
[TimeControl "180+1"]
[EndTime "9:26:43 PST"]
[Termination "SnekkerAndersen won on time"]

1. Nf3 d5 2. c4 e6 3. g3 Nf6 4.
Bg2 Be7 5. O-O O-O 6. b3 b6 7. Bb2 dxc4 8. bxc4 Bb7 9. d3 c5 10. Nc3 Nc6 11. a3 Qd7 12. Qd2 Rad8 13. Rad1 Nd4 14. Nxd4 cxd4 15. Nb5 Bxg2 16. Kxg2 e5 17. e3 a6 18.
exd4 axb5 19. dxe5 Ne8 20. cxb5 Qxb5 21. d4 Nc7 22.
Rb1 Qxe5 23. dxe5 Rxd2 24. Bc1 Rd5 25. Rxb6 Ne6 26. f4 Bc5 27. Rb3 Rfd8 28. a4 Nd4 29. Rb7 Ne2 30. a5 g6 31. Kf3 Nd4+ 32. Kg4 h5+ 33.
Kh3 Ne6 34. f5 gxf5 35. Rxf5 R5d7 36. Rxd7 Rxd7 37. Rxh5 Bb4 38. a6 Ra7 39. Bg5 Nxg5+ 40. Rxg5+ Kf8 41. Rf5 Rxa6 42. Kg4 Be7 43. h4 Kg7 44. h5 Ra4+ 45. Kh3 Kg8 46. g4 Bf8 47. g5 Be7 48. g6 fxg6 49. hxg6 Ra6 50. Rf7 Re6 51.
Rf5 Rxg6 52. Rf4 Ra6 53. Kg4 Bf8 54. Kf5 Bg7 55. Rg4 Kf7 56. Rb4 Bf8 57. Rb7+ Be7 58. Rc7 Rh6 59. Rb7 Rh5+ 60. Ke4 Rh4+ 61. Kf5 Rh5+ 62.
Ke4 Rh1 63. Kf5 Rf1+ 64. Ke4 Ke8 65. Kd5 Ra1 66. Ke6 Ra6+ 67. Kf5 Rc6 68. Ra7 Bd8 69. Ra8 Ke7 70. Ra7+ Bc7 71. Ra1 Rc5 72. Re1 Bb8 73.
Re2 Rc1 74. Re3 Rf1+ 75. Ke4 Bc7 76. Rc3 Re1+ 77. Kf3 Bxe5 78. Re3 Rf1+ 79. Kg2 Rf5 0-1

[Event "Early-Titled-Tuesday-Blitz-November-28-2023"]
[Site "Chess.com"]
[Date "2023.11.28"]
[Round "7"]
[White "Fonsofan"]
[Black "Krakozia"]
[Result "1-0"]
[WhiteElo "2762"]
[BlackElo "2946"]
[TimeControl "180+1"]
[EndTime "9:26:44 PST"]
[Termination "Fonsofan won on time"]

1. e4 c5 2. Nf3 e6 3. d3 Nc6 4. g3 d5 5. Nbd2 Bd6 6. Bg2 Nge7 7. O-O O-O 8. c3 Bc7 9. Re1 b5 10. Nf1 dxe4 11. dxe4 Qxd1 12. Rxd1 Ng6 13. Be3 Bb6 14. a4 bxa4 15. N1d2 Nge5 16. Nxe5 Nxe5 17. Bf4 Nd3 18.
Bd6 Rd8 19. e5 Ba6 20. Bxa8 Rxa8 21. Ne4 Bb5 22. Rxd3 Bxd3 23. Nxc5 Bxc5 24. Bxc5 Rb8 25. Rd1 Be2 26. Rd2 Bf3 27. Rd3 Bd5 28. f4 h5 29. Rd2 a6 30. Kf2 Kh7 31. Ke3 Kg6 32.
Kd4 Kf5 33. c4 Bc6 34. Bd6 Rb3 35. Bf8 g6 36. Kc5 Bf3 37. Be7 Ke4 38. Kd6 Ke3 39. Rc2 Be4 40. Rc1 Rxb2 41. Ra1 Rd2+ 42. Kc7 Bc2 43.
c5 Bb3 44. c6 Rc2 45. Kb6 Bd5 46. c7 Rc6+ 47. Kb7 Rc3+ 48. Kb8 Rb3+ 49. Kc8 Bb7+ 50.
Kd8 Rd3+ 51. Bd6 a3 52. Rxa3 Rxa3 53. Bxa3 a5 54. c8=Q Bxc8 55. Kxc8 Kf3 56. Kd7 Kg2 57. Ke7 Kxh2 58. Kxf7 Kxg3 59. Kxe6 h4 60. Kf6 h3 61. e6 h2 62. e7 h1=Q 63. e8=Q Qa1+ 64. Kxg6 Qxa3 65.
f5 a4 66. f6 Qd3+ 67. Kg7 Qd4 68. Qg6+ Kf4 69. Kh7 a3 70. f7 Qd7 71. Kh8 Qd4+ 72.
Qg7 Qb2 73. f8=Q+ Ke4 74. Qxb2 1-0

[Event "Early-Titled-Tuesday-Blitz-November-28-2023"]
[Site "Chess.com"]
[Date "2023.11.28"]
[Round "7"]
[White "tusplingher"]
[Black "Matols"]
[Result "0-1"]
[WhiteElo "2497"]
[BlackElo "2369"]
[TimeControl "180+1"]
[EndTime "9:26:53 PST"]
[Termination "Matols won by checkmate"]

1. e4 c6 2. Ne2 d5 3. e5 c5 4. d4 Nc6 5. c3 Bf5 6. dxc5 Nxe5 7. Nd4 Bd7 8. Qh5 Qc7 9. Nb5 Qxc5 10. b4 Qb6 11. Be3 Qf6 12. Bd4 g5 13. Nc7+ Kd8 14.
Nxa8 Bg4 15. Qxg4 Nxg4 16. Bxf6 N8xf6 17. Nd2 e6 18. h3 Ne5 19. Be2 Bd6 20. Nf3 Kd7 21.
Nxe5+ Bxe5 22. Bb5+ Ke7 23. O-O Rxa8 24. Rac1 a6 25.
Bd3 Rc8 26. c4 dxc4 27. Rxc4 Rd8 28. Rd1 h5 29. Be2 Nd5 30. Bf3 h4 31. Bxd5 exd5 32. Rc2 Kf6 33. Rcd2 d4 34. Kf1 Rc8 35. Rd3 Rc2 36. R1d2 Rc1+ 37. Ke2 Rg1 38. Kf3 Kf5 39. Rc2 f6 40. Rc5 Rb1 41. Rxd4 Rb2 42. Rd3 Rxb4 43. Ke2 Rb2+ 44. Rd2 Rb1 45. Rcc2 Rg1 46. Kf3 Rb1 47. Rd3 b5 48. Rb3 Rd1 49. Ra3 Rd6 50. Rb3 Kg6 51.
Re3 Kf5 52. Rce2 Rc6 53. Re4 a5 54. R4e3 b4 55. Rd3 a4 56. Re4 Bc3 57. Rd5+ Kg6 58. Ra5 a3 59. Rb5 Rd6 60. Ke2 Rd2+ 61. Kf3 Rxa2 62.
Re6 Rd2 63. Ra6 Rd3+ 64. Ke4 Rd2 65. Ke3 Rb2 66. Kd3 a2 67. Kc4 Rxf2 68. Kb3 Rxg2 69. Rxa2 Rxa2 70. Kxa2 f5 71. Kb3 g4 72. hxg4 fxg4 73.
Rd5 h3 74. Kc2 h2 75. Rd1 g3 76. Kd3 g2 77. Ke4 h1=Q 78. Rd6+ Kg5 79. Rd5+ Kg4 80. Kd3 g1=Q 81. Kc4 Qf1+ 82. Kc5 Qxd5+ 83. Kxd5 Qf4 84. Ke6 Qg5 85. Kf7 Qh6 86. Kg8 Qg7# 0-1

[Event "Early-Titled-Tuesday-Blitz-November-28-2023"]
[Site "Chess.com"]
[Date "2023.11.28"]
[Round "7"]
[White "Ron_Weasley_Chess"]
[Black "Eagle_2019"]
[Result "0-1"]
[WhiteElo "2418"]
[BlackElo "2677"]
[TimeControl "180+1"]
[EndTime "9:27:00 PST"]
[Termination "Eagle_2019 won by checkmate"]

1. Nf3 d5 2. g3 Bg4 3. Bg2 Nd7 4. O-O c6 5. c4 e6 6. b3 Qf6 7. Nc3 Bc5 8. Bb2 Bxf3 9. Bxf3 Ne7 10. Nxd5 Qxb2 11.
Nc7+ Kd8 12. Nxa8 Ne5 13. d4 Nxf3+ 14. exf3 Qxd4 15. b4 Kc8 16. bxc5 Qxc5 17. Qb3 Nf5 18. Rab1 b6 19. Nxb6+ axb6 20. Qxb6 Qxb6 21. Rxb6 Kc7 22. Rfb1 Ra8 23. c5 Ra7 24. R1b4 e5 25. a4 Nd4 26. a5 Ne6 27. Rb8 Nd8 28. Rxd8 Kxd8 29. Ra4 Ke7 30. Kf1 Ke6 31. Ke2 Kd5 32. Kd3 Kxc5 33.
Ra1 f6 34. a6 Kb6 35. Kc4 Rxa6 36. Rd1 Kc7 37. Rb1 Ra2 38. Rf1 Ra3 39. f4 exf4 40.
gxf4 Ra4+ 41. Kc5 Rxf4 42. Re1 Rf5+ 43. Kc4 Rxf2 44. Re7+ Kd6 45. Rxg7 Rxh2 46. Rf7 Rh4+ 47. Kd3 Ke6 48. Rc7 Kd5 49. Rf7 Rh3+ 50. Kd2 Ke6 51. Rc7 Ke5 52. Rxc6 f5 53. Ke2 h5 54.
Rc8 Kf4 55. Rc4+ Kg3 56. Rc5 Kg4 57. Kf2 Rh2+ 58. Kg1 Ra2 59. Rc3 f4 60. Rc8 h4 61. Rc7 h3 62. Rc8 Kf3 63. Rc3+ Kg4 64. Rc8 Rb2 65. Rc7 Kg3 66. Rg7+ Kf3 67. Kh1 Kf2 68. Kh2 f3 69. Kxh3 Rb8 70. Kg4 Rb4+ 71.
Kh3 Rb6 72. Kg4 Rf6 73. Re7 Kg2 74. Ra7 f2 75. Ra2 Kg1 76. Kg3 f1=Q 77. Rh2 Rg6+ 78. Kh4 Qf4+ 79. Kh3 Qxh2# 0-1

[Event "Early-Titled-Tuesday-Blitz-November-28-2023"]
[Site "Chess.com"]
[Date "2023.11.28"]
[Round "7"]
[White "Bodhanas"]
[Black "Witty_Alien"]
[Result "0-1"]
[WhiteElo "2200"]
[BlackElo "2236"]
[TimeControl "180+1"]
[EndTime "9:27:14 PST"]
[Termination "Witty_Alien won by resignation"]

1. d4 e5 2. dxe5 d6 3. Nf3 Nc6 4. exd6 Bxd6 5. Nc3 Nf6 6. e3 Bg4 7. Be2 Qd7 8. h3 Bf5 9. Nd4 Nxd4 10. exd4 O-O-O 11. Be3 Rhe8 12. Bd3 Rxe3+ 13. fxe3 Bg3+ 14. Kd2 Kb8 15. Qf3 Bxd3 16. cxd3 Bh4 17. Kc2 Bg5 18. Rad1 a6 19. Rhf1 Re8 20. Ne4 Nxe4 21. dxe4 f6 22. Kb1 Re6 23. Qf5 Qe8 24. d5 Rxe4 25. d6 cxd6 26. Rxd6 Rxe3 27. Rfd1 Re1 28. Qd3 Rxd1+ 29. Qxd1 f5 30. a3 Bf6 31. Qb3 Ka7 32. Re6 Qd7 33.
Ka2 Bd4 34. Re2 Qc6 35. Rc2 Qe4 36. Qc4 Qe5 37. Rd2 Bb6 38. Rd5 Qe6 39. Qb3 f4 40. Rd3 Qe4 41. Rf3 Be3 42. Qc3 Qd5+ 43. Qb3 Qe4 44.
a4 a5 45. Qb5 b6 46. Qd7+ Ka6 47. Qc8+ Ka7 48. Qd7+ Ka8 49. Qb5 Kb7 50. Rf1 Qxg2 51. Rd1 Bc5 52. Rd7+ Kc8 53. Ra7 Qd5+ 54. Qb3 Qxb3+ 55. Kxb3 f3 56. Rf7 f2 57. Kc4 Kd8 58.
Kd3 Ke8 59. Rf3 Ke7 60. Ke2 Ke6 61. h4 h6 62. h5 Bd4 63. b3 Kd5 64. Kd3 Ke5 65.
Rf8 Bc5 66. Rf3 Kd5 67. Rf5+ Ke6 68. Ke4 Kd6 69. Rf3 Ke6 70. Rf4 Kd6 71. Kf5 Kd5 72. Kg6 Bd4 73. Kf5 Kc5 74. Ke4 Bf6 75. Rf5+ Kb4 76. Rxf2 Kxb3 77. Kd5 Kxa4 78. Kc6 b5 79.
Rf4+ b4 80. Kd5 Ka3 81. Kc4 a4 82. Kb5 Bc3 83. Rc4 Kb3 84. Rf4 a3 85. Rf1 a2 86.
Kc5 a1=Q 87. Rxa1 Bxa1 88. Kb5 Bc3 89. Kc5 Kc2 90. Kb5 b3 91. Kc5 b2 92. Kd5 b1=Q 93.
Ke6 Qg1 94. Ke7 Qg5+ 95. Kf7 Qxh5+ 96. Kg8 g5 97. Kh7 Qf7+ 98. Kxh6 Bg7+ 99. Kxg5 Bf8 0-1

[Event "Early-Titled-Tuesday-Blitz-November-28-2023"]
[Site "Chess.com"]
[Date "2023.11.28"]
[Round "7"]
[White "Aisen1011"]
[Black "Mikhail_Golubev"]
[Result "1/2-1/2"]
[WhiteElo "2442"]
[BlackElo "2580"]
[TimeControl "180+1"]
[EndTime "9:27:20 PST"]
[Termination "Game drawn - insufficient material"]

1. d4 Nf6 2. Nf3 d6 3. c4 g6 4. Nc3 Bg7 5. e4 O-O 6. Be2 e5 7. d5 Qe8 8. Bg5 Nh5 9. Nd2 Nf4 10. O-O Nxe2+ 11. Qxe2 f5 12. exf5 gxf5 13. f4 e4 14. Nb5 Na6 15. Nb3 Qg6 16. N3d4 Bd7 17.
Rad1 c6 18. dxc6 bxc6 19. Nc3 Nc5 20. Nb3 Nd3 21. Rxd3 exd3 22. Qxd3 Rae8 23. c5 d5 24. Nd4 Rb8 25. b3 Rfe8 26. Nf3 Bf8 27. Qd4 Bg7 28. Qd2 Qf7 29. Ne5 Bxe5 30. fxe5 Rxe5 31. Bf4 Rbe8 32. Bxe5 Rxe5 33. Qd3 Qe7 34. Nd1 Qxc5+ 35. Nf2 Qe3 36.
Qa6 Kf7 37. Qb7 Re7 38. Qc7 d4 39. Qd6 Be6 40. Kh1 Rd7 41. Qc5 Qe2 42. Kg1 d3 43. Qc1 d2 44. Qd1 Qxd1 45. Rxd1 Kf6 46. h3 Bf7 47.
Kf1 Bh5 48. g4 fxg4 49. hxg4 Bg6 50. Ke2 Kg5 51. Rxd2 Rxd2+ 52. Kxd2 Kf4 53. Ke2 Bf7 54. Nd3+ Ke4 55. Nb4 Be8 56. Na6 Kf4 57. Nc7 Bd7 58. b4 Bxg4+ 59. Kf2 h5 60. Kg2 h4 61. Kh2 Bf3 62. a4 Ke5 63. a5 Kd6 64. Na6 Kd7 65. Nc5+ Kd6 66. Kh3 Kd5 67. Kxh4 Kc4 68. Na6 Kb5 69.
Nb8 Kxb4 70. a6 Ka5 71. Kg3 Bd5 72. Kf4 Kb6 73. Ke5 Kc7 74. Nxc6 Kxc6 75. Kd4 Ba2 76. Kc3 Kb6 77. Kb2 Be6 78. Ka1 Kxa6 79. Kb2 Kb5 80. Ka1 a5 81. Kb2 a4 82. Ka1 a3 83. Kb1 a2+ 84. Ka1 Kb4 85. Kb2 a1=B+ 86. Kxa1 1/2-1/2

[Event "Early-Titled-Tuesday-Blitz-November-28-2023"]
[Site "Chess.com"]
[Date "2023.11.28"]
[Round "7"]
[White "RobertJFischer71"]
[Black "sofaceindisguise"]
[Result "1-0"]
[WhiteElo "2636"]
[BlackElo "2796"]
[TimeControl "180+1"]
[EndTime "9:27:24 PST"]
[Termination "RobertJFischer71 won on time"]

1. e4 c5 2. Nf3 e6 3. d4 cxd4 4. Nxd4 a6 5. Nc3 Qc7 6. g3 Nf6 7. Bg2 d6 8. O-O Be7 9. f4 O-O 10. Be3 Nbd7 11. g4 Nb6 12. g5 Nfd7 13. Qe2 Nc4 14. b3 Nxe3 15. Qxe3 g6 16. Rad1 b5 17.
e5 d5 18. Bxd5 exd5 19. Nxd5 Qd8 20. Nc6 Bc5 21. Qxc5 Nxc5 22. Nxd8 Bh3 23. Nf6+ Kg7 24. Rf3 Bf5 25. Nc6 Ne6 26. c3 h6 27. gxh6+ Kxh6 28. Ne7 Rfd8 29. Nxf5+ gxf5 30. Rdf1 Kg7 31.
R1f2 Rac8 32. Kg2 Kf8 33. Rh3 Ke7 34. Rh5 Rxc3 35. Rxf5 Rd1 36. Ne4 Rcc1 37. Nd6 Rg1+ 38. Kh3 Nd8 39. Rd2 Rc3+ 40. Kh4 Rg8 41. Ne4 Ne6 42.
Nf6 Rh8+ 43. Kg4 Nf8 44. Ne4 Rc1 45. Ng5 Rg1+ 46. Kf3 Rf1+ 47. Ke2 Rh1 48. Rxf7+ Ke8 49. Ra7 Rh3 50. Ra8+ Ke7 51. Ra7+ Ke8 52. Rd4 R1xh2+ 53. Kd1 Rh1+ 54. Kc2 R1h2+ 55. Rd2 Ng6 56. Rxh2 Rxh2+ 57. Kd3 Nxf4+ 58. Ke4 Ne2 59. Kf5 Rf2+ 60. Ke6 Nd4+ 61. Kd5 Nc2 62. Ra8+ Kd7 63. Ra7+ Kc8 64. Ne4 Kb8 65.
Rxa6 Re2 66. Nd6 Nb4+ 67. Kc5 Nxa6+ 68. Kxb5 Nc7+ 69. Kc6 Rxa2 70. Nc4 Rc2 71. Kd6 Rc3 72. e6 Rxb3 73. e7 Rd3+ 74. Kc6 Rd1 75. Nd6 Re1 76. Kd7 Rd1 77. Kc6 Rc1+ 78. Kd7 Rh1 79. Kc6 Rh8 80. Kd7 Rh7 81. Kd8 Rh8+ 82. Kd7 1-0

[Event "Early-Titled-Tuesday-Blitz-November-28-2023"]
[Site "Chess.com"]
[Date "2023.11.28"]
[Round "8"]
[White "IsaqueGoncalvesSanto"]
[Black "Roedor"]
[Result "0-1"]
[WhiteElo "1904"]
[BlackElo "2402"]
[TimeControl "180+1"]
[EndTime "9:29:24 PST"]
[Termination "Roedor won by checkmate"]

1. d4 Nf6 2. c4 g6 3. Nc3 d5 4. cxd5 Nxd5 5. e4 Nxc3 6. bxc3 Bg7 7. Bc4 c5 8. Ne2 O-O 9. O-O Nc6 10. Be3 b6 11.
dxc5 Qc7 12. cxb6 axb6 13. Rb1 Ne5 14. Bb3 Ba6 15. Bd5 Ng4 16. Bxb6 Qxh2# 0-1

[Event "Early-Titled-Tuesday-Blitz-November-28-2023"]
[Site "Chess.com"]
[Date "2023.11.28"]
[Round "8"]
[White "Let_it_be_1"]
[Black "koncheto"]
[Result "1-0"]
[WhiteElo "2670"]
[BlackElo "2521"]
[TimeControl "180+1"]
[EndTime "9:29:59 PST"]
[Termination "Let_it_be_1 won by resignation"]

1. e4 c5 2. Nf3 d6 3. d4 cxd4 4. Nxd4 Nf6 5. Nc3 Nc6 6. Be2 e6 7. O-O Be7 8. Be3 O-O 9. f4 a6 10. a4 Qc7 11. Kh1 Nxd4 12. Qxd4 e5 13. Qd3 Bd7 14.
Rad1 Rac8 15. fxe5 dxe5 16. Rxf6 Bxf6 17. Qxd7 Rfd8 18.
Qxc7 Rxd1+ 19. Bxd1 Rxc7 20. Nd5 Rc4 21. b3 Rxe4 22. Bf3 Rh4 23. g3 Rh3 24. Bg4 1-0

[Event "Early-Titled-Tuesday-Blitz-November-28-2023"]
[Site "Chess.com"]
[Date "2023.11.28"]
[Round "8"]
[White "Emp3rador"]
[Black "sokidze"]
[Result "0-1"]
[WhiteElo "2582"]
[BlackElo "2756"]
[TimeControl "180+1"]
[EndTime "9:30:16 PST"]
[Termination "sokidze won by resignation"]

1. e4 c6 2. d4 d5 3. exd5 cxd5 4. Bd3 Nc6 5. c3 Nf6 6. h3 e5 7. dxe5 Nxe5 8. Be2 Bc5 9. Bf4 Ng6 10.
Bg5 Bxf2+ 11. Kxf2 Ne4+ 12. Ke1 Qxg5 0-1

[Event "Early-Titled-Tuesday-Blitz-November-28-2023"]
[Site "Chess.com"]
[Date "2023.11.28"]
[Round "8"]
[White "Hikaru"]
[Black "Grandelicious"]
[Result "1-0"]
[WhiteElo "3219"]
[BlackElo "2939"]
[TimeControl "180+1"]
[EndTime "9:30:19 PST"]
[Termination "Hikaru won by resignation"]

1. g3 c5 2. c4 g6 3. Bg2 Bg7 4. e3 Nc6 5. Ne2 e6 6. d4 cxd4 7. exd4 d5 8. cxd5 exd5 9. Nbc3 Nge7 10. O-O O-O 11. Be3 Be6 12. Nf4 Nf5 13. Nfxd5 Ncxd4 14. Bf4 Rc8 15. h4 h6 16. Re1 Bxd5 17. Bxd5 Rxc3 18.
bxc3 Qxd5 19. cxd4 Nxd4 20. Re3 Nf3+ 21. Rxf3 1-0

[Event "Early-Titled-Tuesday-Blitz-November-28-2023"]
[Site "Chess.com"]
[Date "2023.11.28"]
[Round "8"]
[White "Rsnr"]
[Black "margarita_2703"]
[Result "1-0"]
[WhiteElo "2906"]
[BlackElo "2361"]
[TimeControl "180+1"]
[EndTime "9:30:25 PST"]
[Termination "Rsnr won by resignation"]

1. d4 d5 2. c4 e6 3. Nc3 Nf6 4. Bg5 Be7 5. e3 O-O 6. Rc1 c6 7. Qc2 h6 8. Bf4 Bd6 9. Bxd6 Qxd6 10. Nf3 b6 11. cxd5 exd5 12. Bd3 Ba6 13. Ne5 Bxd3 14. Nxd3 Nbd7 15. O-O Rac8 16. b4 b5 17. a4 a6 18.
a5 Ne8 19. Rfd1 Qg6 20. Nxd5 Nd6 21. Ne7+ 1-0